 Dungeon Crawl Stone Soup version 0.31-a0-16-g6d2539766c (webtiles) character file.

Game seed: 241646165363881393

141 IdlyInterested the Sneak (level 5, -14/41 HPs)
             Began as a Demonspawn Wanderer on May 8, 2023.
             Demolished by an ogre
             ... wielding a +0 giant spiked club
              (19 damage)
             ... on level 4 of the Dungeon.
             The game lasted 00:11:36 (2256 turns).

IdlyInterested the Sneak (Demonspawn Wanderer)      Turns: 2256, Time: 00:11:37

Health: -14/41     AC:  5    Str: 11    XL:     5   Next: 3%
Magic:  5/8        EV: 10    Int: 21    God:
Gold:   200        SH:  6    Dex: 14    Spells: 7/8 levels left

rFire   + . .        n - +2 short sword (drain)
rCold   x . .        e - +2 buckler
rNeg    . . .        l - +0 leather armour
rPois   .            (no helmet)
rElec   .            (no cloak)
rCorr   .            g - +0 pair of gloves
SInv    .            b - +0 pair of boots
Will    .....        E - amulet of the acrobat
Stlth   ++           f - +6 ring of intelligence
HPRegen 0.26/turn    o - ring of fire
MPRegen 0.22/turn

%: acrobat
@: no status effects
A: magic regeneration, demonic magic 1, weakness stinger 1
a: no special abilities


You were on level 4 of the Dungeon.
You visited 1 branch of the dungeon, and saw 4 of its levels.

You collected 200 gold pieces.

Inventory:

Hand Weapons
 a - a +0 dagger
 n - a +2 short sword of draining (weapon)
 q - a +0 short sword
Missiles
 m - 26 stones
Armour
 b - a +0 pair of boots (worn)
 d - a +0 robe
 e - a +2 buckler (worn)
 g - a +0 pair of gloves (worn)
 l - a +0 leather armour (worn)
 p - a +0 buckler
 r - a +0 scale mail
 s - a +0 ring mail
 t - a +0 robe
 A - a +0 robe
 D - a +0 robe
Jewellery
 f - a +6 ring of intelligence (left hand)
 o - a ring of fire (right hand)
 w - a ring of willpower
 x - a ring of poison resistance
 E - an amulet of the acrobat (around neck)
Scrolls
 c - 3 scrolls of teleportation
 h - a scroll of vulnerability {unknown}
 i - a scroll of enchant weapon
 j - a scroll of torment {unknown}
 y - a scroll of butterflies {unknown}
 C - a scroll of noise {unknown}
 F - a scroll of magic mapping {unknown}
 H - a scroll of amnesia {unknown}
Potions
 k - a potion of mutation
 u - a potion of invisibility
 v - 2 potions of berserk rage
 z - a potion of magic {unknown}
 B - a potion of curing
 G - a potion of brilliance


   Skills:
 - Level 3.0 Fighting
 * Level 1.5 Short Blades
 + Level 0.6 Throwing
 - Level 1.0 Armour
 - Level 1.0 Dodging
 - Level 3.0 Stealth
 - Level 2.6 Shields
 + Level 2.0 Spellcasting
 - Level 1.0 Fire Magic
 - Level 1.0 Evocations


You had 7 spell levels left.
You knew the following spells:

 Your Spells              Type           Power      Damage    Failure   Level
a - Foxfire               Conj/Fire      24%        2x1d5     22%         1

Your spell library contained the following spells:

 Spells                   Type           Power      Damage    Failure   Level
 Apportation              Tloc           4%         N/A       28%         1
 Necrotise                Necr           8%         1d4       28%         1
 Summon Small Mammal      Summ           8%         N/A       28%         1
 Volatile Blastmotes      Fire/Tloc      12%        2d11      56%         3


Dungeon Overview and Level Annotations

Branches:
Dungeon (4/15)
 Temple: D:4-7

Altars:
Dithmenos
Kikubaaqudgha
Qazlal


Innate Abilities, Weirdness & Mutations

You regenerate magic rapidly.
Spells you cast may paralyse adjacent enemies.
You have a small tail.


Message History

You block the ogre's attack.
You hit the ogre. You drain the ogre.
Your tail-slap misses the ogre.
The ogre is moderately wounded.
The foxfire hits the ogre.
The ogre is moderately wounded.
The foxfire hits the ogre.
The ogre is heavily wounded.
Casting: Foxfire (safe; 22% risk of failure)
Press: ? - help, Q - select action, (/) - cycle Dir - look around, f - activate You feel a surge of power!
You conjure some foxfire!
Malevolent energies surge around you. You block the ogre's attack.
You closely miss the ogre.
The ogre is heavily wounded.
The foxfire hits the ogre.
The ogre is heavily wounded.
The foxfire hits the ogre but does no damage.
The ogre is heavily wounded.
The ogre hits you with a +0 giant spiked club!!
Ouch! That really hurt!
Casting: Foxfire (safe; 22% risk of failure)
Press: ? - help, Q - select action, (/) - cycle Dir - look around, f - activate You feel a surge of power!
You conjure some foxfire!
Malevolent energies surge around you.
The ogre hits you with a +0 giant spiked club!
* * * LOW HITPOINT WARNING * * *
You hit the ogre but do no damage.
The ogre is heavily wounded.
The foxfire hits the ogre.
The ogre is severely wounded.
The foxfire hits the ogre.
The ogre is severely wounded.
A dart slug comes into view.
Casting: Foxfire (safe; 22% risk of failure)
Press: ? - help, Q - select action, (/) - cycle Dir - look around, f - activate You feel a surge of power!
You conjure some foxfire!
Malevolent energies surge around you.
The endoplasm hits you but does no damage.
The ogre hits you with a +0 giant spiked club!!
You die...

########.###
#...<.......
##.#########
#.........
#vv#######
#@.# #JO#
......
#........
#.........#
#.........#
#.........#
#w........#


You could see an ogre (drained, ally target), a dart slug and an endoplasm (ally
target).

Vanquished Creatures
  A jelly (D:4)
  A hound (D:3)
  2 adders (D:3)
  4 dart slugs
  2 orcs
  2 ball pythons
  6 bats
  4 endoplasms
  2 giant cockroaches
  3 goblins (D:1)
  5 hobgoblins
  7 jackals (D:1)
  6 kobolds
  A quokka (D:1)
  4 frilled lizards
  A rat (D:1)
51 creatures vanquished.

Vanquished Creatures (others)
  33 foxfires
33 creatures vanquished.

Grand Total: 84 creatures vanquished

Notes
Turn   | Place    | Note
-------+----------+-------------------------------------------
     0 | D:1      | IdlyInterested the Demonspawn Wanderer began the quest for
                  | the Orb.
     0 | D:1      | IdlyInterested set off with the following items: a +0
                  | dagger, a +0 pair of boots, a scroll of teleportation, a +0
                  | robe, a +2 buckler; and the following spell memorised:
                  | Foxfire; and the following spells available to memorise:
                  | Volatile Blastmotes.
     0 | D:1      | Reached XP level 1. HP: 15/15 MP: 2/2
   121 | D:1      | Discovered your monstrous ancestry.
   121 | D:1      | Gained mutation: You have a small tail. [demonic ancestry]
   121 | D:1      | Reached XP level 2. HP: 22/22 MP: 1/3
   382 | D:1      | Reached XP level 3. HP: 27/27 MP: 3/5
   855 | D:2      | Found a stormy altar of Qazlal.
  1134 | D:2      | Reached skill level 1 in Dodging
  1723 | D:3      | Found a shadowy altar of Dithmenos.
  1731 | D:3      | Gained mutation: Spells you cast may paralyse adjacent
                  | enemies. [demonic ancestry]
  1731 | D:3      | Reached XP level 4. HP: 32/34 MP: 7/7
  1822 | D:3      | Found an ancient bone altar of Kikubaaqudgha.
  1833 | D:3      | Reached skill level 1 in Evocations
  1979 | D:3      | Reached skill level 1 in Short Blades
  2062 | D:3      | Found a faded altar of an unknown god.
  2172 | D:4      | Gained mutation: You regenerate magic rapidly. [demonic
                  | ancestry]
  2172 | D:4      | Reached XP level 5. HP: 38/41 MP: 6/8
  2248 | D:4      | Noticed an ogre
  2256 | D:4      | Demolished by an ogre

Illustrated notes

Levels and vault maps discovered:
D:1:      roderic_chinese_lattice_arrival, layout_rooms
D:2:      layout_loops_ring, basic_altar
D:3:      layout_rooms, nicolae_dithmenos_shadow_blocks,
          kiku_gazebo_garden_becter, shapermc_ecumenical_altar_mp_highgroup
D:4:      layout_basic, grunt_temple_overflow_forces_of_nature

Skill      XL: |  1  2  3  4 |
---------------+-------------+-----
Fighting       | 2 3 |  3.0
Stealth        | 3 |  3.0
Spellcasting   | 2 |  2.0
Dodging        | 1 |  1.0
Evocations     | 1 |  1.0
Short Blades   | 1 |  1.5
Throwing       | |  0.6
Armour         | |  1.0
Shields        | |  2.6
Fire Magic     | |  1.0

Action                     |  1- 3 |  4- 6 || total
---------------------------+-------+-------++-------
  Melee: Dagger            |    81 |       ||    81
         Tailslap          |    11 |     5 ||    16
         Short sword       |    42 |    27 ||    69
   Cast: Foxfire           |    17 |     6 ||    23
    Use: Scroll            |     4 |     1 ||     5
         Potion            |     1 |       ||     1
   Stab: Distracted        |     1 |       ||     1
         Sleeping          |     6 |     2 ||     8
         Paralysed         |       |     1 ||     1
 Armour: Robe              |    26 |       ||    26
         Leather armour    |    10 |     2 ||    12
  Dodge: Dodged            |    57 |     7 ||    64
  Block: Buckler           |    39 |     8 ||    47

Table legend: (Time is in decaauts)
 A = Elapsed time spent in this place.
 B = Non-inter-level travel time spent in this place.
 C = Inter-level travel time spent in this place.
 D = Time resting spent in this place.
 E = Time spent auto-exploring this place.
 F = Levels seen in this place.
 G = Mean time per level.
                   A        B        C        D        E       F      G
               +--------+--------+--------+--------+--------+-----+--------+
         Total |   2275 |   1961 |    314 |    191 |   1039 |   4 |  568.8 |
       Dungeon |   2275 |   1961 |    314 |    191 |   1039 |   4 |  568.8 |
               +--------+--------+--------+--------+--------+-----+--------+

Top non-repeatable levels by time:
     D:1: 794 daAuts
     D:2: 774 daAuts
     D:3: 677 daAuts
     D:4: 29 daAuts
